[Event "Titled Tuesday Blitz August 1 Early 2023"]
[White "Souleidis, Georgios"]
[Black "Nugumanov, Bakhtiyar"]
[WhiteFideId "4206827"]
[BlackFideId "13701797"]
[WhiteElo "2524"]
[BlackElo "2079"]
[Result "1-0"]
[Round "1"]
[TimeControl "180+1"]
[Date "2023.08.01"]
[WhiteClock "0:00:06"]
[BlackClock "0:00:00"]
[Board "246"]

1. e4 c5 2. Nf3 e6 3. g3 Nc6 4. Bg2 d5 5. exd5 exd5 6. d4 Nf6 7. O-O Be7 8. dxc5 O-O 9. Be3 Ng4 10. Bd4 Nxd4 11. Qxd4 Bf6 12. Qb4 a5 13. Qa3 Bf5 14. c3 Re8 15. Nbd2 Qc7 16. Nd4 Bd3 17. Rfe1 Red8 18. Qa4 Qxc5 19. Qd1 Ne5 20. N2b3 Qc4 21. Bf1 Bxf1 22. Rxf1 a4 23. Nd2 Qc7 24. N2f3 Qb6 25. Rb1 Nc4 26. Qc2 g6 27. Rfe1 Nd6 28. Kg2 Ne4 29. Qd3 a3 30. b3 Qc5 31. Rbc1 Rac8 32. Re3 h5 33. h4 1-0


[Site "https://www.chess.com"]

[Event "Titled Tuesday Blitz August 1 Early 2023"]
[White "Lakshmi C"]
[Black "NovozhilovSemen"]
[WhiteFideId "25035347"]
[WhiteElo "2073"]
[BlackElo "2522"]
[Result "0-1"]
[Round "1"]
[TimeControl "180+1"]
[Date "2023.08.01"]
[WhiteClock "0:00:00"]
[BlackClock "0:02:30"]
[Board "247"]

1. e4 e6 2. d4 d5 3. Nc3 Nf6 4. e5 Nfd7 5. f4 c5 6. Nf3 Nc6 7. Be3 Qb6 8. Qd2 Qxb2 9. Rb1 Qa3 10. Nb5 Qxa2 11. Rd1 Rb8 12. dxc5 Bxc5 13. Bxc5 Nxc5 14. Nd6+ Ke7 15. Bb5 Rd8 16. Bxc6 bxc6 17. O-O Ba6 18. Rfe1 Rb2 19. Qd4 Rxc2 20. Rc1 Rxg2+ 21. Kh1 Nd7 22. Ra1 Qf2 23. Qxf2 Rxf2 24. Nd4 Bb5 25. N4xb5 cxb5 26. Rxa7 Rxf4 27. Nxb5 f6 28. exf6+ gxf6 29. Nc7 Re4 0-1


[Site "https://www.chess.com"]

[Event "Titled Tuesday Blitz August 1 Early 2023"]
[White "Martinez Reyes, Pedro Ramon"]
[Black "Wisniowski, Natalie"]
[WhiteFideId "3901807"]
[BlackFideId "30929261"]
[WhiteElo "2522"]
[BlackElo "2065"]
[Result "1-0"]
[Round "1"]
[TimeControl "180+1"]
[Date "2023.08.01"]
[WhiteClock "0:01:37"]
[BlackClock "0:00:02"]
[Board "248"]

1. d4 Nf6 2. Nc3 e6 3. e4 Bb4 4. e5 Nd5 5. Bd2 Nxc3 6. bxc3 Be7 7. Qg4 Bf8 8. Nf3 d5 9. Bd3 c5 10. Ng5 Nc6 11. Nxh7 Bd7 12. Nxf8 Rxf8 13. Qxg7 cxd4 14. Bh6 Qe7 15. Qxf8+ Qxf8 16. Bxf8 Kxf8 17. cxd4 Nxd4 18. f4 Rc8 19. Kd2 Ba4 20. c3 Nc6 21. Rab1 Na5 22. Rb4 Bc6 23. f5 b6 24. fxe6 fxe6 25. Rf1+ Ke7 26. Rh4 Nb7 27. Rh7+ Kd8 28. Rf8+ Be8 29. Bb5 Nc5 30. Rxe8# 1-0


[Site "https://www.chess.com"]

[Event "Titled Tuesday Blitz August 1 Early 2023"]
[White "ivana_999"]
[Black "Gontcharov, Vladislav"]
[BlackFideId "4123492"]
[WhiteElo "2056"]
[BlackElo "2522"]
[Result "0-1"]
[Round "1"]
[TimeControl "180+1"]
[Date "2023.08.01"]
[WhiteClock "0:00:21"]
[BlackClock "0:00:14"]
[Board "249"]

1. d4 Nf6 2. c4 e6 3. Nc3 Bb4 4. a3 Bxc3+ 5. bxc3 d6 6. f3 O-O 7. e4 Qe7 8. Bd3 e5 9. Ne2 Nc6 10. Bg5 b6 11. O-O h6 12. Bh4 g5 13. Bf2 Nh5 14. g4 Nf4 15. Nxf4 exf4 16. h4 f6 17. Kg2 Kg7 18. Rh1 Ba6 19. Qe2 Rae8 20. hxg5 fxg5 21. Rh5 Rf6 22. Rah1 Qf7 23. c5 Bxd3 24. Qxd3 bxc5 25. dxc5 Ne5 26. Qb5 Re7 27. Qe2 Qb3 28. Bd4 Qxa3 29. cxd6 cxd6 30. Qf2 Rb7 31. c4 Qd3 32. Ra1 Kf7 33. Rah1 Rb3 34. Bxe5 dxe5 35. Rxh6 Qd4 36. Rxf6+ Kxf6 37. Qxd4 exd4 38. Rd1 Ke5 39. c5 Rc3 40. Ra1 d3 41. Rxa7 Kd4 42. Rd7+ Ke3 43. Rd5 d2 44. e5 Rd3 45. Rxd3+ Kxd3 46. e6 d1=Q 47. c6 Qe2+ 48. Kh3 Qxe6 49. c7 Qc8 50. Kg2 Qxc7 51. Kh3 Qc3 52. Kg2 Ke3 53. Kh3 Kxf3 54. Kh2 Qd2+ 55. Kh3 Qg2# 0-1


[Site "https://www.chess.com"]

[Event "Titled Tuesday Blitz August 1 Early 2023"]
[White "Tokman, Ariel"]
[Black "Gyulamiryan-koryun"]
[WhiteFideId "117420"]
[WhiteElo "2521"]
[BlackElo "2053"]
[Result "0-1"]
[Round "1"]
[TimeControl "180+1"]
[Date "2023.08.01"]
[WhiteClock "0:00:04"]
[BlackClock "0:00:09"]
[Board "250"]

1. d4 Nf6 2. c4 e6 3. Nc3 d5 4. g3 Be7 5. Nf3 b6 6. Bg2 Bb7 7. cxd5 exd5 8. O-O O-O 9. Bf4 Na6 10. Rc1 c5 11. Qa4 cxd4 12. Nxd4 Nc5 13. Qc2 Rc8 14. Rfd1 Nce4 15. Qa4 a6 16. Nf5 b5 17. Nxe7+ Qxe7 18. Qd4 Rc4 19. Qd3 Rfc8 20. Nxe4 dxe4 21. Qb3 h6 22. Rxc4 Rxc4 23. Be3 Bd5 24. Ra1 Ng4 25. Qd1 Nxe3 26. fxe3 Qe5 27. Qd2 Be6 28. Rd1 Kh7 29. b3 Rc7 30. Rc1 Rxc1+ 31. Qxc1 f5 32. Qd2 Qd5 33. Qd4 Kg6 34. Kf2 Kf7 35. h3 Qxd4 36. exd4 Bd5 37. Ke3 Ke6 38. h4 g5 39. hxg5 hxg5 40. Bh3 g4 41. Bf1 b4 42. Kf4 e3 43. Kxe3 Be4 44. Kf4 Bb1 45. e3 a5 46. Bc4+ Kf6 47. d5 Bxa2 48. d6 a4 49. Bb5 axb3 50. d7 Ke7 51. Kxf5 b2 52. Bd3 b1=Q 53. Bxb1 Bxb1+ 54. Ke5 Kxd7 55. Kd4 b3 56. Kc3 Bc2 0-1


[Site "https://www.chess.com"]

[Event "Titled Tuesday Blitz August 1 Early 2023"]
[White "ilya2700"]
[Black "Goltseva, Ekaterina"]
[BlackFideId "24173770"]
[WhiteElo "2038"]
[BlackElo "2521"]
[Result "0-1"]
[Round "1"]
[TimeControl "180+1"]
[Date "2023.08.01"]
[WhiteClock "0:00:00"]
[BlackClock "0:00:15"]
[Board "251"]

1. e4 e5 2. Nf3 Nc6 3. Bc4 Be7 4. d3 Nf6 5. Nc3 O-O 6. O-O d6 7. h3 Na5 8. Bb3 Nxb3 9. axb3 c6 10. d4 Qc7 11. Be3 b6 12. Qd2 Bb7 13. Rfd1 Rfd8 14. Qe2 h6 15. Rd2 Rd7 16. Rad1 Rad8 17. dxe5 dxe5 18. Rxd7 Rxd7 19. Rxd7 Nxd7 20. Qd2 Ba6 21. Ne1 Nc5 22. f4 exf4 23. Bxf4 Qd7 24. Nf3 Bf6 25. e5 Be7 26. Qxd7 Nxd7 27. Nd4 Bc5 28. Be3 Nxe5 29. Kf2 Bb7 30. Nf5 Bf8 31. Bf4 Nd7 32. Bd6 c5 33. Bxf8 Kxf8 34. Nb5 a6 35. Nbd6 Bc6 36. Nc4 h5 37. Kg3 g6 38. Nfd6 b5 39. Ne3 Ke7 40. Nc8+ Ke6 41. c4 Bb7 42. Na7 b4 43. Nc2 Kd6 44. Ne3 Kc7 45. Nd5+ Kb8 46. Ne7 Kxa7 47. Ng8 Kb6 48. Nh6 Ne5 49. Nxf7 Nxf7 0-1


[Site "https://www.chess.com"]

[Event "Titled Tuesday Blitz August 1 Early 2023"]
[White "Berezin, Viktor"]
[Black "Gopal, K.N."]
[WhiteFideId "14107872"]
[BlackFideId "5001447"]
[WhiteElo "2521"]
[BlackElo "2026"]
[Result "1-0"]
[Round "1"]
[TimeControl "180+1"]
[Date "2023.08.01"]
[WhiteClock "0:00:32"]
[BlackClock "0:00:04"]
[Board "252"]

1. d4 Nf6 2. Nf3 d5 3. c4 c6 4. e3 e6 5. Nbd2 Be7 6. Bd3 Nbd7 7. O-O O-O 8. e4 dxe4 9. Nxe4 Nxe4 10. Bxe4 Nf6 11. Bc2 c5 12. Qd3 cxd4 13. Bg5 g6 14. Bh6 Re8 15. Rad1 Ng4 16. Bf4 Bf6 17. h3 e5 18. hxg4 exf4 19. g5 Bg7 20. Nxd4 Qxg5 21. Rfe1 Bg4 22. Nf3 Qh5 23. Rxe8+ Rxe8 24. Re1 Rf8 25. Re7 Bf6 26. Rxb7 Rd8 27. Qe4 Bf5 28. Qe2 Bxc2 29. Qxc2 Kg7 30. c5 g5 31. Qb3 Rc8 32. Qd5 h6 33. Ne5 g4 34. Rxf7+ Kh8 35. Rxf6 f3 36. Nf7+ Kg7 37. Qxh5 1-0


[Site "https://www.chess.com"]

[Event "Titled Tuesday Blitz August 1 Early 2023"]
[White "Preobrazhenska_D2011"]
[Black "Keleberda, Tymur"]
[BlackFideId "14174294"]
[WhiteElo "2008"]
[BlackElo "2520"]
[Result "0-1"]
[Round "1"]
[TimeControl "180+1"]
[Date "2023.08.01"]
[WhiteClock "0:00:00"]
[BlackClock "0:01:12"]
[Board "253"]

1. e4 g6 2. d4 d6 3. Nf3 Nf6 4. Bd3 Bg7 5. O-O O-O 6. Re1 Nc6 7. c3 e5 8. Nbd2 Qe7 9. h3 Nh5 10. d5 Nb8 11. Nf1 Nd7 12. Be3 Nf4 13. Bxf4 exf4 14. Qd2 g5 15. N1h2 Ne5 16. Be2 f6 17. Nd4 Bd7 18. Rad1 Rae8 19. c4 f5 20. exf5 Bxf5 21. Nxf5 Rxf5 22. Bg4 Rff8 23. Be6+ Kh8 24. Qc2 Qf6 25. b3 a5 26. Re4 b6 27. Rde1 f3 28. Rxe5 dxe5 29. Nxf3 Qe7 30. Nxe5 Bxe5 31. Rxe5 Qg7 32. Qe2 Rf4 33. g3 Rd4 34. Qe3 Rd1+ 35. Kg2 Rf8 36. Rxg5 Qa1 37. Qe5+ Qxe5 38. Rxe5 Rd2 39. Bf5 Rxa2 40. g4 Rf7 41. Re8+ Kg7 42. Rc8 Rb2 43. d6 cxd6 44. Rc6 Rxb3 45. Rxd6 a4 46. Rd8 Rb4 47. Ra8 Rc7 48. Be6 Kf6 49. Bd5 Ke5 50. g5 Kf4 51. h4 Kg4 52. Rg8 Kxh4 53. g6 hxg6 54. Rxg6 Kh5 55. Rf6 Kg5 56. Rf3 Rb3 57. Rf8 a3 58. Ra8 Rc5 59. Be6 Ra5 60. Rg8+ Kf6 61. Bd5 a2 62. Rf8+ Ke7 63. Rf7+ Ke8 0-1


[Site "https://www.chess.com"]

[Event "Titled Tuesday Blitz August 1 Early 2023"]
[White "Jaskolka, Tomasz"]
[Black "Castillo Pena, Patricia Evarista"]
[WhiteFideId "1170791"]
[BlackFideId "6412106"]
[WhiteElo "2518"]
[BlackElo "1986"]
[Result "1/2-1/2"]
[Round "1"]
[TimeControl "180+1"]
[Date "2023.08.01"]
[WhiteClock "0:00:03"]
[BlackClock "0:00:04"]
[Board "254"]

1. e4 c5 2. Nf3 d6 3. Bb5+ Nd7 4. a4 a6 5. Bc4 e6 6. d4 cxd4 7. Qxd4 Ngf6 8. Nc3 Be7 9. Be3 Qc7 10. Ba2 O-O 11. h3 b6 12. O-O Bb7 13. Nd2 Rac8 14. f4 e5 15. Qc4 Qxc4 16. Bxc4 exf4 17. Bxf4 Ne5 18. Be2 Ng6 19. Be3 Rfe8 20. Bxb6 Ne5 21. Be3 d5 22. exd5 Nxd5 23. Nxd5 Bxd5 24. c3 Nc4 25. Nxc4 Bxc4 26. Bxc4 Rxc4 27. Bd4 Bc5 28. Bxc5 Rxc5 29. Rae1 Rb8 30. Re7 f6 31. Rd1 Rg5 32. b4 Kf8 33. Rdd7 Rc8 34. Rf7+ Kg8 35. Rc7 Rd8 36. Rfd7 Re8 37. Re7 Rd8 38. Rcd7 Rc8 39. c4 Kf8 40. Rf7+ Kg8 41. c5 h5 42. c6 Rxc6 43. Rc7 Re6 44. Rfe7 Rd6 45. Red7 Re6 46. Rd8+ Kh7 47. Rd2 Re1+ 48. Kf2 Rb1 49. Rc4 Rf5+ 50. Kg3 Re5 51. Rdc2 Rb3+ 52. R2c3 Rb2 53. Rc2 Rb3+ 54. Kh2 Rg5 55. h4 Rf5 56. g3 Rff3 57. Rg2 Ra3 58. a5 Rab3 59. Rc6 Rxb4 60. Rxa6 Rg4 61. Rb6 Ra3 62. Rb5 Rga4 63. Rxh5+ Kg6 64. Rb5 Rxa5 65. Rb4 R3a4 66. Rb3 Ra3 67. Rbb2 R5a4 68. Kh3 f5 69. Rb6+ Kh7 70. Rf2 g6 71. Rb7+ Kh6 72. Kh2 Rg4 73. Rg2 Rf3 74. Kh3 Ra4 75. Rb5 Rg4 76. Ra5 Rc4 77. Kh2 Rcc3 78. Ra6 f4 79. gxf4 Rh3+ 80. Kg1 Rc1+ 81. Kf2 Rc2+ 82. Kg1 Rc1+ 83. Kf2 Rc2+ 84. Kg1 Rc1+ 1/2-1/2


[Site "https://www.chess.com"]

[Event "Titled Tuesday Blitz August 1 Early 2023"]
[White "Navyblue1"]
[Black "Ordekalog"]
[WhiteElo "1945"]
[BlackElo "2516"]
[Result "0-1"]
[Round "1"]
[TimeControl "180+1"]
[Date "2023.08.01"]
[WhiteClock "0:00:05"]
[BlackClock "0:02:19"]
[Board "255"]

1. d4 d5 2. c4 e6 3. Nc3 c5 4. Nf3 Nc6 5. Bg5 Be7 6. Bxe7 Ngxe7 7. e3 cxd4 8. Nxd4 O-O 9. cxd5 exd5 10. Be2 Qb6 11. Qd2 Nxd4 12. exd4 Be6 13. O-O Nf5 14. Rfd1 Rfd8 15. Na4 Qd6 16. Nc5 Bc8 17. Rac1 b6 18. Na4 Bd7 19. Nc3 Rac8 20. Nb5 Bxb5 21. Bxb5 h6 22. Be2 Qf6 23. Rxc8 Rxc8 24. Bg4 Re8 25. Bxf5 Qxf5 26. h3 Qe4 27. Qc3 Kh7 28. Qd3 Kg6 29. Qxe4+ dxe4 30. Kf1 f5 31. Ke2 Rc8 32. Rd2 Kf6 33. Ke3 g5 34. g3 Ke6 35. f3 exf3 36. Kxf3 Kd5 37. g4 Rf8 38. gxf5 Rxf5+ 39. Kg4 Rf4+ 40. Kh5 Rh4+ 41. Kg6 Rxh3 42. Rc2 g4 43. Rc7 g3 44. Rxa7 g2 0-1


[Site "https://www.chess.com"]

[Event "Titled Tuesday Blitz August 1 Early 2023"]
[White "Erzhanov, Arman"]
[Black "Skiadopoulos, Nikolaos"]
[WhiteFideId "4138821"]
[BlackFideId "4200772"]
[WhiteElo "2515"]
[BlackElo "1825"]
[Result "0-1"]
[Round "1"]
[TimeControl "180+1"]
[Date "2023.08.01"]
[WhiteClock "0:00:00"]
[BlackClock "0:00:03"]
[Board "256"]

1. e4 c5 2. Nf3 Nc6 3. Bb5 Na5 4. c3 a6 5. Ba4 b5 6. Bc2 Bb7 7. O-O g6 8. d4 cxd4 9. cxd4 Bg7 10. Nc3 Nf6 11. e5 Nd5 12. Ne4 O-O 13. Re1 Nb4 14. Bb1 Bxe4 15. Bxe4 Rc8 16. a3 Nbc6 17. Bf4 d6 18. exd6 exd6 19. Bg5 Qb6 20. Bxc6 Nxc6 21. Be3 d5 22. b4 a5 23. Rb1 axb4 24. axb4 Ra8 25. Qd2 Rfe8 26. h4 h5 27. Rec1 Ne7 28. Rc5 Nf5 29. Qd3 Nxe3 30. fxe3 Qe6 31. Re1 Ra2 32. Qxb5 Rea8 33. Qd3 R8a3 34. Rc3 Rxc3 35. Qxc3 Bh6 36. Ne5 Qf5 37. Rf1 Qe4 38. Qc8+ Bf8 39. Rf3 Qb1+ 40. Kh2 Ra1 41. Qe8 Qh1+ 42. Kg3 Qe1+ 43. Kf4 Qxh4+ 44. g4 Qf6+ 45. Kg3 h4+ 46. Kg2 Ra2+ 47. Kg1 Qe6 0-1


[Site "https://www.chess.com"]

[Event "Titled Tuesday Blitz August 1 Early 2023"]
[White "Nan M K Khine Hlyan"]
[Black "Di Nicolantonio, Lucas"]
[WhiteFideId "13002899"]
[BlackFideId "680460"]
[WhiteElo "1741"]
[BlackElo "2515"]
[Result "0-1"]
[Round "1"]
[TimeControl "180+1"]
[Date "2023.08.01"]
[WhiteClock "0:00:14"]
[BlackClock "0:00:54"]
[Board "257"]

1. e4 g6 2. d4 Bg7 3. Nf3 d6 4. Bc4 e6 5. c3 a6 6. O-O Ne7 7. Bg5 h6 8. Bf4 b6 9. Na3 Bb7 10. Re1 Nd7 11. Nc2 g5 12. Bg3 Ng6 13. Bd3 g4 14. Nd2 h5 15. f3 Qg5 16. f4 Nxf4 17. Bxf4 Qxf4 18. Rf1 Qg5 19. Qe2 Bh6 20. Nc4 O-O 21. Rae1 Rae8 22. N4e3 Kh8 23. Qf2 c5 24. d5 Ne5 25. Be2 exd5 26. exd5 f5 27. Nc4 Nxc4 28. Bxc4 b5 29. Bd3 Rxe1 30. Rxe1 Bxd5 31. Ne3 Be6 32. c4 f4 33. Nd5 Bxd5 34. cxd5 Bg7 35. Qe2 Qxd5 36. Be4 Qd4+ 37. Kh1 Re8 38. Qc2 f3 39. gxf3 gxf3 40. Rg1 Qxe4 0-1


[Site "https://www.chess.com"]

[Event "Titled Tuesday Blitz August 1 Early 2023"]
[White "Carlsen, Magnus"]
[Black "Iskusnyh, Sergei"]
[WhiteFideId "1503014"]
[BlackFideId "4120027"]
[WhiteElo "3245"]
[BlackElo "2632"]
[Result "1-0"]
[Round "2"]
[TimeControl "180+1"]
[Date "2023.08.01"]
[WhiteClock "0:01:38"]
[BlackClock "0:00:00"]
[Board "1"]

1. f4 d5 2. Nf3 Nf6 3. g3 e6 4. Bg2 Be7 5. O-O b5 6. d3 Bb7 7. c3 c5 8. a4 b4 9. a5 O-O 10. Kh1 Na6 11. Be3 Qc7 12. Nbd2 c4 13. dxc4 dxc4 14. Bd4 Rfd8 15. e3 bxc3 16. bxc3 Nc5 17. Qe2 Nd3 18. a6 Bc6 19. Nxc4 Bb5 20. Nb2 Nxf4 21. Qxb5 Rab8 22. Qc4 1-0


[Site "https://www.chess.com"]

[Event "Titled Tuesday Blitz August 1 Early 2023"]
[White "Malek, Jan"]
[Black "Naroditsky, Daniel"]
[WhiteFideId "21864080"]
[BlackFideId "2026961"]
[WhiteElo "2631"]
[BlackElo "3108"]
[Result "0-1"]
[Round "2"]
[TimeControl "180+1"]
[Date "2023.08.01"]
[WhiteClock "0:00:21"]
[BlackClock "0:01:07"]
[Board "2"]

1. e4 Nf6 2. e5 Nd5 3. c4 Nb6 4. a4 a5 5. Ra3 d6 6. exd6 exd6 7. Rg3 Be6 8. d3 d5 9. Qc2 Nc6 10. Nf3 Nb4 11. Qb3 dxc4 12. dxc4 Bf5 13. Na3 Bd6 14. Rxg7 Qf6 15. Qc3 Nd3+ 16. Bxd3 Bb4 17. Bd2 Bxc3 18. Bxc3 Qe7+ 19. Be2 O-O-O 20. Rg5 Rhe8 21. O-O Qxe2 22. Rxf5 Nxc4 23. Nb5 Rd1 24. Ne1 Rxe1 25. Bxe1 Qxe1 26. Rc5 Qxf1+ 0-1


[Site "https://www.chess.com"]

[Event "Titled Tuesday Blitz August 1 Early 2023"]
[White "Sarana, Alexey"]
[Black "Vantika Agrawal"]
[WhiteFideId "24133795"]
[BlackFideId "25050389"]
[WhiteElo "3102"]
[BlackElo "2629"]
[Result "1-0"]
[Round "2"]
[TimeControl "180+1"]
[Date "2023.08.01"]
[WhiteClock "0:00:53"]
[BlackClock "0:00:02"]
[Board "3"]

1. d4 Nf6 2. c4 g6 3. Nc3 Bg7 4. e4 d6 5. Bd3 O-O 6. Nge2 Nc6 7. O-O e5 8. d5 Nd4 9. Nxd4 exd4 10. Ne2 Re8 11. f3 Nd7 12. Bf4 Qf6 13. Qd2 Qe7 14. Bc2 Ne5 15. Bb3 c5 16. dxc6 Nxc6 17. Ba4 Be6 18. b3 d3 19. Qxd3 Bxa1 20. Rxa1 Rad8 21. Rd1 Ne5 22. Qd4 Rf8 23. Qxa7 Ra8 24. Qd4 Nxc4 25. Bh6 Ne5 26. f4 Qh4 27. Bxf8 Ng4 28. Qg7# 1-0


[Site "https://www.chess.com"]

[Event "Titled Tuesday Blitz August 1 Early 2023"]
[White "Nasir, Zehn"]
[Black "Firouzja, Alireza"]
[WhiteFideId "2613239"]
[BlackFideId "12573981"]
[WhiteElo "2623"]
[BlackElo "3082"]
[Result "0-1"]
[Round "2"]
[TimeControl "180+1"]
[Date "2023.08.01"]
[WhiteClock "0:00:02"]
[BlackClock "0:00:38"]
[Board "4"]

1. d4 Nf6 2. Bf4 g6 3. Nc3 d5 4. Nf3 Bg7 5. e3 O-O 6. Qd2 c5 7. O-O-O cxd4 8. exd4 Nc6 9. Ne5 Bf5 10. Kb1 Rc8 11. f3 Nb4 12. Bd3 Nxd3 13. Nxd3 Qb6 14. g4 Bxd3 15. Qxd3 e6 16. h4 Rc4 17. Ne2 Rfc8 18. c3 h5 19. Be5 hxg4 20. Bxf6 Bxf6 21. fxg4 e5 22. dxe5 Bxe5 23. Qxd5 Bxc3 24. Nxc3 Rxc3 25. h5 Rc2 26. Qe5 R2c5 27. Qe4 Rc4 28. Qe5 Qf2 29. a3 R4c5 30. Qe4 Rb5 31. Qd4 Qxd4 32. Rxd4 gxh5 33. gxh5 Rc7 34. Rg4+ Kh7 35. Rh2 f5 36. Rf4 Kh6 37. a4 Re5 38. Rhf2 Rf7 39. Rh2 Re1+ 40. Ka2 Rg1 41. Kb3 Rg5 42. Rfh4 f4 43. Rf2 Rgf5 44. Ka3 Kg5 45. Rhh2 f3 46. h6 Rh7 47. Rh3 Kg4 48. Rh1 Kg3 49. Rff1 f2 50. b4 Kg2 51. a5 Rf6 52. Rb1 Rhxh6 53. Rhf1 Rf3+ 54. Ka4 a6 55. b5 Rh4+ 0-1


[Site "https://www.chess.com"]

[Event "Titled Tuesday Blitz August 1 Early 2023"]
[White "Bortnyk, Olexandr"]
[Black "Radzhabov, Rodion"]
[WhiteFideId "14120828"]
[BlackFideId "884715"]
[WhiteElo "3076"]
[BlackElo "2622"]
[Result "1-0"]
[Round "2"]
[TimeControl "180+1"]
[Date "2023.08.01"]
[WhiteClock "0:01:40"]
[BlackClock "0:00:01"]
[Board "5"]

1. e4 c5 2. c3 Nf6 3. e5 Nd5 4. d4 cxd4 5. Nf3 Nc6 6. cxd4 d6 7. Bc4 Nb6 8. Bb5 dxe5 9. Nxe5 Bd7 10. Nxd7 Qxd7 11. Nc3 e6 12. O-O a6 13. Bxc6 bxc6 14. Qg4 h5 15. Qh3 Nd5 16. Re1 Be7 17. Ne4 Nf6 18. Ng5 Qxd4 19. Nxf7 O-O 20. Ng5 Qxf2+ 21. Kxf2 Ng4+ 22. Kg1 Bc5+ 23. Be3 Nxe3 24. Rxe3 1-0


[Site "https://www.chess.com"]

[Event "Titled Tuesday Blitz August 1 Early 2023"]
[White "Mamedov, Edgar"]
[Black "Pranesh M"]
[WhiteFideId "13739980"]
[BlackFideId "35028600"]
[WhiteElo "2621"]
[BlackElo "3069"]
[Result "0-1"]
[Round "2"]
[TimeControl "180+1"]
[Date "2023.08.01"]
[WhiteClock "0:00:16"]
[BlackClock "0:02:17"]
[Board "6"]

1. d4 Nf6 2. c4 e6 3. Nf3 d5 4. Nc3 c6 5. Bg5 h6 6. Bxf6 Qxf6 7. e3 g6 8. Bd3 Bg7 9. O-O O-O 10. e4 dxc4 11. e5 Qe7 12. Bxc4 Rd8 13. Qe2 Nd7 14. Ne4 c5 15. dxc5 Nxc5 16. Nd6 Bd7 17. Rfd1 Bc6 18. Nd4 Bd5 19. Bxd5 exd5 20. f4 Rxd6 21. exd6 Bxd4+ 22. Kf1 Qf6 23. Qd2 Ne6 24. g3 Rd8 25. Qb4 Bc5 26. Qxb7 Rxd6 27. Rxd5 Rxd5 28. Qxd5 Qxb2 0-1


[Site "https://www.chess.com"]

[Event "Titled Tuesday Blitz August 1 Early 2023"]
[White "Aronian, Levon"]
[Black "Guerra Tulcan, Lenin"]
[WhiteFideId "13300474"]
[BlackFideId "3601382"]
[WhiteElo "3054"]
[BlackElo "2621"]
[Result "1-0"]
[Round "2"]
[TimeControl "180+1"]
[Date "2023.08.01"]
[WhiteClock "0:00:05"]
[BlackClock "0:00:00"]
[Board "7"]

1. e4 c5 2. Nf3 e6 3. g3 b6 4. Bg2 Bb7 5. Nc3 d6 6. d4 cxd4 7. Nxd4 a6 8. O-O Nd7 9. Re1 Be7 10. Nd5 exd5 11. exd5 Kf8 12. Nc6 Qc7 13. a4 Bxc6 14. dxc6 Ne5 15. Ra3 Nf6 16. Rc3 h6 17. f4 Ng6 18. Be3 h5 19. Bd4 h4 20. Bf3 hxg3 21. hxg3 d5 22. a5 bxa5 23. Kg2 Re8 24. f5 Nf4+ 25. gxf4 Qxf4 26. Bg1 Bd6 27. Rxe8+ Nxe8 28. Qxd5 Nc7 29. Qe4 Qg3+ 30. Kf1 Rh4 31. Qe2 Rf4 32. Qg2 Qh4 33. Bf2 Qf6 34. Rd3 Rxf5 35. Qg4 g6 36. Kg2 Kg7 37. Bh4 Qe6 38. Bg3 Bxg3 39. Qxg3 Qe7 40. Qf2 Ne6 41. Kf1 Nf4 42. Qd4+ Kh6 43. Re3 Qh4 44. Qh8+ Kg5 45. Qxh4+ Kxh4 46. Re4 Kg3 47. Be2 Rc5 48. Rc4 Rf5 49. c7 Ne6+ 50. Ke1 Nxc7 51. Rxc7 f6 52. c4 g5 53. c5 Rf4 54. c6 Rb4 55. Rb7 1-0


[Site "https://www.chess.com"]

[Event "Titled Tuesday Blitz August 1 Early 2023"]
[White "Pham, Le Thao Nguyen"]
[Black "Andreikin, Dmitry"]
[WhiteFideId "12401226"]
[BlackFideId "4158814"]
[WhiteElo "2618"]
[BlackElo "3040"]
[Result "0-1"]
[Round "2"]
[TimeControl "180+1"]
[Date "2023.08.01"]
[WhiteClock "0:00:04"]
[BlackClock "0:00:22"]
[Board "8"]

1. d4 Nf6 2. c4 e6 3. Nf3 b6 4. g3 Bb7 5. Bg2 Bb4+ 6. Bd2 a5 7. O-O O-O 8. a3 Bxd2 9. Qxd2 a4 10. Nc3 Ne4 11. Qc2 Nxc3 12. Qxc3 d6 13. Qc2 Ra5 14. Rac1 h6 15. Rfd1 Qe7 16. Qd2 Nd7 17. Rc3 Nf6 18. Re3 Ng4 19. Rc3 Re8 20. Qf4 Nf6 21. h4 e5 22. dxe5 dxe5 23. Qc1 e4 24. Nd4 Qe5 25. Nb5 Bc6 26. Nd4 Bd7 27. e3 Rc5 28. Rd2 g5 29. hxg5 hxg5 30. Nc2 Kg7 31. Nb4 Be6 32. Nd5 Rh8 33. Rd4 Bf5 34. Qd2 Rc6 35. Nb4 Re6 36. Na6 c5 37. Rd8 Rxd8 38. Qxd8 Rd6 39. Qa8 Rd1+ 0-1


[Site "https://www.chess.com"]

[Event "Titled Tuesday Blitz August 1 Early 2023"]
[White "Pranav, V"]
[Black "Omorjan, Dejan"]
[WhiteFideId "25060783"]
[BlackFideId "955345"]
[WhiteElo "3025"]
[BlackElo "2617"]
[Result "1-0"]
[Round "2"]
[TimeControl "180+1"]
[Date "2023.08.01"]
[WhiteClock "0:02:01"]
[BlackClock "0:00:00"]
[Board "9"]

1. e4 e5 2. Nf3 Nc6 3. Bb5 a6 4. Ba4 Nf6 5. Bxc6 dxc6 6. d3 Bd6 7. Nbd2 O-O 8. Nc4 Nd7 9. O-O Qe7 10. a4 a5 11. b3 Re8 12. Bb2 Nf8 13. Ncxe5 f6 14. Nc4 Bg4 15. Ne3 Bh5 16. h3 Ne6 17. Nf5 Qd7 18. Ng3 Bf7 19. Nh4 Nf4 20. Nhf5 Bg6 21. Qf3 Ne6 22. Qg4 Rad8 23. f4 Bf8 24. Kh1 Qf7 25. Rae1 Bb4 26. Re2 Bf8 27. Nh4 Nxf4 28. Rxf4 Bd6 29. e5 Be7 30. e6 Qf8 31. Nxg6 hxg6 32. Qxg6 Bd6 33. Rh4 1-0


[Site "https://www.chess.com"]

[Event "Titled Tuesday Blitz August 1 Early 2023"]
[White "Sipila, Vilka"]
[Black "Martinez Alcantara, Jose Eduardo"]
[WhiteFideId "505455"]
[BlackFideId "3805662"]
[WhiteElo "2617"]
[BlackElo "3020"]
[Result "1-0"]
[Round "2"]
[TimeControl "180+1"]
[Date "2023.08.01"]
[WhiteClock "0:00:12"]
[BlackClock "0:00:00"]
[Board "10"]

1. e4 c5 2. Nf3 d6 3. d4 cxd4 4. Nxd4 a6 5. c4 Nf6 6. Nc3 e6 7. g4 h6 8. Rg1 Nc6 9. Be3 Bd7 10. h4 Nxd4 11. g5 Nc6 12. gxf6 Qxf6 13. h5 Rc8 14. Qb3 Ne5 15. O-O-O Bc6 16. Kb1 Nd7 17. Nd5 Qh4 18. Bg2 Nc5 19. Bxc5 dxc5 20. Qb6 Bd6 21. e5 Bxe5 22. Rge1 O-O 23. Rxe5 exd5 24. cxd5 Qg4 25. Rg1 Bb5 26. Re3 Qd4 27. Rg3 Rfe8 28. Bh3 Bd3+ 29. Ka1 Kf8 30. Qd6+ Re7 31. Bxc8 Qxf2 32. Bd7 1-0


[Site "https://www.chess.com"]

[Event "Titled Tuesday Blitz August 1 Early 2023"]
[White "Ovchinnikov, Vsevolod"]
[Black "Makarian, Rudik"]
[WhiteFideId "24176842"]
[BlackFideId "44105681"]
[WhiteElo "2616"]
[BlackElo "3010"]
[Result "0-1"]
[Round "2"]
[TimeControl "180+1"]
[Date "2023.08.01"]
[WhiteClock "0:00:00"]
[BlackClock "0:01:29"]
[Board "11"]

1. d4 Nf6 2. c4 e6 3. g3 d5 4. Nf3 Bb4+ 5. Bd2 Be7 6. Qc2 O-O 7. Bg2 Nbd7 8. O-O c6 9. b3 a5 10. Nc3 b6 11. Ne5 Nxe5 12. dxe5 Nd7 13. f4 Ba6 14. cxd5 cxd5 15. Qb2 b5 16. Bf3 b4 17. Nd1 Qb6+ 18. Be3 Bc5 19. Qd2 Rac8 20. Kg2 Rfd8 21. Rc1 g6 22. Bf2 Bxf2 23. Nxf2 a4 24. Rxc8 Rxc8 25. Rc1 Rxc1 26. Qxc1 a3 27. e3 Qc5 28. Qxc5 Nxc5 29. Bd1 Bd3 30. Nxd3 Nxd3 31. Kf3 Nc1 32. e4 d4 33. Bc2 Nxa2 0-1


[Site "https://www.chess.com"]